TOP OF THE 1ST |
Coastal Carolina University Chanticleers batting - Pitching for Mississippi State University Bulldogs : LHP Josh Doyle
|
Pitching: LHP Josh Doyle
|
|
Batting: RHB Tatsunori Ishigaki
|
0-0: Fly out, F6 (Line Drive, 6MD, EV 66.2 MPH)
|
Batting: RHB Mark Tart
|
0-0: Ball 1-0: Ball 2-0: Ball 3-0: Base on Balls
|
Batting: LHB Orlando Hurtado
|
0-0: Hit by Pitch Mark Tart to second
|
Batting: RHB Dennis Bennett
|
0-0: Ball 1-0: Fly out, F4 (Popup, 4, EV 63.1 MPH)
|
Batting: RHB Chris Marcellus
|
0-0: Ball 1-0: Ball 2-0: Called Strike 2-1: Ball 3-1: Base on Balls Mark Tart to third Orlando Hurtado to second
|
Batting: RHB Rene Napoles
|
0-0: Ball 1-0: Ball 2-0: Ball 3-0: Called Strike 3-1: Foul Ball, location: 2F 3-2: Foul Ball, location: 2F 3-2: Reached on error, E5 (Groundball, 5, EV 105.0 MPH) Mark Tart scores Orlando Hurtado to third Chris Marcellus to second
|
Batting: SHB Iher Waithaka
|
0-0: Called Strike 0-1: Swinging Strike 0-2: Ball 1-2: Ball 2-2: Foul Ball, location: 2F 2-2: Foul Ball, location: 2F 2-2: Ball 3-2: Foul Ball, location: 2F 3-2: Fly out, F7 (Flyball, 7D, EV 91.2 MPH)
|
Top of the 1st over - 1 run, 0 hits, 1 error, 3 left on base; Coastal Carolina University 1 - Mississippi State University 0 |
BOTTOM OF THE 1ST |
Mississippi State University Bulldogs batting - Pitching for Coastal Carolina University Chanticleers : LHP Arturo Guevara
|
Pitching: LHP Arturo Guevara
|
|
Batting: RHB Benito Gonzales
|
0-0: Called Strike 0-1: Called Strike 0-2: Ball 1-2: Foul Ball, location: 2F 1-2: Ball 2-2: Strikes out looking
|
Batting: RHB Logan Strassburg
|
0-0: Ball 1-0: Ball 2-0: Called Strike 2-1: Swinging Strike 2-2: Ball 3-2: Foul Ball, location: 2F 3-2: Hit by Pitch
|
Batting: RHB Josh Simmons
|
0-0: Ball 1-0: Called Strike 1-1: Ball 2-1: Called Strike 2-2: Grounds into double play, 4-6-3 (Groundball, 4, EV 98.8 MPH)
|
Bottom of the 1st over - 0 runs, 0 hits, 0 errors, 0 left on base; Coastal Carolina University 1 - Mississippi State University 0 |
TOP OF THE 2ND |
Coastal Carolina University Chanticleers batting - Pitching for Mississippi State University Bulldogs : LHP Josh Doyle
|
Batting: LHB Jeremy Stockwell
|
0-0: Ball 1-0: Called Strike 1-1: Foul Ball, location: 2F 1-2: Strikes out swinging
|
Batting: LHB Kevin Lech
|
0-0: Called Strike 0-1: Foul Ball, location: 2F 0-2: Strikes out swinging
|
Batting: RHB Tatsunori Ishigaki
|
0-0: Called Strike 0-1: Foul Ball, location: 2F 0-2: Strikes out swinging
|
Top of the 2nd over - 0 runs, 0 hits, 0 errors, 0 left on base; Coastal Carolina University 1 - Mississippi State University 0 |
BOTTOM OF THE 2ND |
Mississippi State University Bulldogs batting - Pitching for Coastal Carolina University Chanticleers : LHP Arturo Guevara
|
Batting: LHB Danny Shanahan
|
0-0: Ball 1-0: Ball 2-0: Called Strike 2-1: Ball 3-1: Foul Ball, location: 2F 3-2: Ground out 4-3 (Groundball, 4, EV 86.9 MPH)
|
Batting: RHB Masahito Sunada
|
0-0: Foul Ball, location: 2F 0-1: Swinging Strike 0-2: Ball 1-2: Strikes out looking
|
Batting: RHB Eric Riley
|
0-0: Foul Ball, location: 2F 0-1: SINGLE (Groundball, 56S, EV 66.2 MPH) (infield hit)
|
Batting: RHB Karl Lukasiewicz
|
0-0: Called Strike 0-1: SINGLE (Groundball, 6MD, EV 94.4 MPH) Eric Riley to second
|
Batting: LHB Ricardo Ramos
|
0-0: TRIPLE (Flyball, 78XD, EV 97.5 MPH) Eric Riley scores Karl Lukasiewicz scores
|
Batting: RHB Jun Qing
|
0-0: Called Strike 0-1: SINGLE (Groundball, 56S, EV 72.5 MPH) (infield hit) Ricardo Ramos scores
|
Batting: RHB Benito Gonzales
|
0-0: Called Strike 0-1: Ball Jun Qing steals 2nd base 1-1: Fly out, F8 (Flyball, 8LS, EV 88.8 MPH)
|
Bottom of the 2nd over - 3 runs, 4 hits, 0 errors, 1 left on base; Coastal Carolina University 1 - Mississippi State University 3 |
TOP OF THE 3RD |
Coastal Carolina University Chanticleers batting - Pitching for Mississippi State University Bulldogs : LHP Josh Doyle
|
Batting: RHB Mark Tart
|
0-0: Ball 1-0: Called Strike 1-1: Foul Ball, location: 2F 1-2: Foul Ball, location: 2F 1-2: Ball 2-2: Ball 3-2: Ground out 3-1 (Groundball, 34, EV 82.5 MPH)
|
Batting: LHB Orlando Hurtado
|
0-0: Ball 1-0: Foul Ball, location: 2F 1-1: Ball 2-1: Foul Ball, location: 2F 2-2: Ball 3-2: Strikes out swinging
|
Batting: RHB Dennis Bennett
|
0-0: Called Strike 0-1: Ball 1-1: Ball 2-1: Swinging Strike 2-2: Foul Ball, location: 2F 2-2: Foul Ball, location: 2F 2-2: Ball 3-2: Foul Ball, location: 2F 3-2: Strikes out swinging
|
Top of the 3rd over - 0 runs, 0 hits, 0 errors, 0 left on base; Coastal Carolina University 1 - Mississippi State University 3 |
BOTTOM OF THE 3RD |
Mississippi State University Bulldogs batting - Pitching for Coastal Carolina University Chanticleers : LHP Arturo Guevara
|
Batting: RHB Logan Strassburg
|
0-0: Called Strike 0-1: Ball 1-1: Ground out U3 (Groundball, 3, EV 83.1 MPH)
|
Batting: RHB Josh Simmons
|
0-0: Ball 1-0: Ball 2-0: Foul Ball, location: 2F 2-1: Ground out U3 (Groundball, 34, EV 108.8 MPH)
|
Batting: LHB Danny Shanahan
|
0-0: Foul Ball, location: 2F 0-1: Ball 1-1: Ball 2-1: Called Strike 2-2: Strikes out looking
|
Bottom of the 3rd over - 0 runs, 0 hits, 0 errors, 0 left on base; Coastal Carolina University 1 - Mississippi State University 3 |
TOP OF THE 4TH |
Coastal Carolina University Chanticleers batting - Pitching for Mississippi State University Bulldogs : LHP Josh Doyle
|
Pitching: RHP Randy Richardson
|
|
Batting: RHB Chris Marcellus
|
0-0: SINGLE (Groundball, 6MD, EV 98.8 MPH)
|
Batting: RHB Rene Napoles
|
0-0: Ball 1-0: Swinging Strike 1-1: Called Strike 1-2: Ball 2-2: Ball 3-2: Fielders Choice at 2nd, 4-6 (Groundball, 34, EV 91.2 MPH)
|
Batting: SHB Iher Waithaka
|
0-0: Ball 1-0: Called Strike 1-1: Ball 2-1: Ball 3-1: Base on Balls Rene Napoles to second
|
Batting: LHB Jeremy Stockwell
|
0-0: Called Strike 0-1: Ball 1-1: SINGLE (Line Drive, 6MD, EV 96.9 MPH) Rene Napoles to third Iher Waithaka to second
|
Pinch Hitting: RHB Johnnie Cowan
|
0-0: Called Strike 0-1: Called Strike 0-2: Fly out, F6 (Popup, 6, EV 65.6 MPH)
|
Pinch Hitting: RHB Ferri Casteleijn
|
0-0: Ball 1-0: Swinging Strike 1-1: Ball 2-1: Ball 3-1: Base on Balls Rene Napoles scores Iher Waithaka to third Jeremy Stockwell to second
|
Batting: RHB Mark Tart
|
0-0: Ball 1-0: SINGLE (Line Drive, 9S, EV 104.4 MPH) Iher Waithaka scores Jeremy Stockwell to third Ferri Casteleijn to second Runner from 3rd tries for Home, SAFE, throw by RF to home
|
Pitching: RHP Antonio Ramirez
|
|
Pinch Hitting: RHB Justin Klein
|
0-0: Called Strike 0-1: Ball 1-1: Foul Ball, location: 2F 1-2: Strikes out swinging
|
Top of the 4th over - 3 runs, 3 hits, 0 errors, 2 left on base; Coastal Carolina University 4 - Mississippi State University 3 |
BOTTOM OF THE 4TH |
Mississippi State University Bulldogs batting - Pitching for Coastal Carolina University Chanticleers : LHP Arturo Guevara
|
Now at 1B: Justin Klein
|
|
Now at 2B: Isaac Washington
|
|
Now at 3B: Tristan Williams
|
|
Batting: RHB Masahito Sunada
|
0-0: Foul Ball, location: 2F 0-1: Ground out 6-3 (Groundball, 6M, EV 83.8 MPH)
|
Batting: RHB Eric Riley
|
0-0: Foul Ball, location: 2F 0-1: DOUBLE (Flyball, 89XD, EV 112.5 MPH)
|
Batting: RHB Karl Lukasiewicz
|
0-0: Ball 1-0: Called Strike 1-1: Ball 2-1: DOUBLE (Line Drive, 78D, EV 105.0 MPH) Eric Riley scores
|
Batting: LHB Ricardo Ramos
|
0-0: Swinging Strike 0-1: Ball 1-1: Ball 2-1: Ball 3-1: Base on Balls
|
Batting: RHB Jun Qing
|
0-0: Hit by Pitch Karl Lukasiewicz to third Ricardo Ramos to second
|
Batting: RHB Benito Gonzales
|
0-0: Ball 1-0: Ball 2-0: Foul Ball, location: 2F 2-1: Ball 3-1: Fly out, F8 (Line Drive, 8LS, EV 91.9 MPH) Runner from 3rd tags up, SCORES, throw by CF
|
Pitching: RHP Steve Hewlett
|
|
Batting: RHB Logan Strassburg
|
0-0: Foul Ball, location: 2F 0-1: Swinging Strike 0-2: Ball 1-2: Ball 2-2: Foul Ball, location: 2F 2-2: Foul Ball, location: 2F 2-2: Fielders Choice at 2nd, 6-4 (Groundball, 56, EV 85.6 MPH)
|
Bottom of the 4th over - 2 runs, 2 hits, 0 errors, 2 left on base; Coastal Carolina University 4 - Mississippi State University 5 |
TOP OF THE 5TH |
Coastal Carolina University Chanticleers batting - Pitching for Mississippi State University Bulldogs : RHP Antonio Ramirez
|
Pitching: RHP Tony Renteria
|
|
Now at 1B: Bill Petipas
|
|
Now in LF: Vinnie Kalman
|
|
Pinch Hitting: RHB Alex Montiel
|
0-0: Ball 1-0: Fly out, F7 (Flyball, 7, EV 93.8 MPH)
|
Batting: RHB Chris Marcellus
|
0-0: Foul Ball, location: 2F 0-1: Ball 1-1: Ball 2-1: Swinging Strike 2-2: Foul Ball, location: 2F 2-2: Ball 3-2: Foul Ball, location: 2F 3-2: Foul Ball, location: 2F 3-2: Foul Ball, location: 2F 3-2: DOUBLE (Line Drive, 7LS, EV 93.8 MPH)
|
Batting: RHB Rene Napoles
|
0-0: Ball 1-0: Ground out 4-3 (Groundball, 4, EV 106.9 MPH) Chris Marcellus to third
|
Pinch Hitting: LHB Justin Sanders
|
0-0: Ball 1-0: Ground out 5-3 (Groundball, 56S, EV 71.9 MPH)
|
Top of the 5th over - 0 runs, 1 hit, 0 errors, 1 left on base; Coastal Carolina University 4 - Mississippi State University 5 |
BOTTOM OF THE 5TH |
Mississippi State University Bulldogs batting - Pitching for Coastal Carolina University Chanticleers : RHP Steve Hewlett
|
Now in LF: Alex Montiel
|
|
Now in CF: Justin Sanders
|
|
Batting: RHB Josh Simmons
|
0-0: Ball 1-0: Ball 2-0: Foul Ball, location: 2F 2-1: Fly out, F8 (Flyball, 8RM, EV 97.5 MPH)
|
Batting: LHB Vinnie Kalman
|
0-0: Ball 1-0: Foul Ball, location: 2F 1-1: Foul Ball, location: 2F 1-2: Foul Ball, location: 2F 1-2: Ball 2-2: Foul Ball, location: 2F 2-2: Foul Ball, location: 2F 2-2: Fly out, F7 (Line Drive, 7, EV 85.6 MPH)
|
Batting: RHB Alexis Gallegos
|
0-0: Called Strike 0-1: Swinging Strike 0-2: Ball 1-2: Ball 2-2: SINGLE (Groundball, 4MD, EV 95.6 MPH)
|
Batting: RHB Eric Riley
|
0-0: Foul Ball, location: 2F 0-1: Ball 1-1: Ball Alexis Gallegos steals 2nd, throwing error, E2 Alexis Gallegos to third 2-1: Foul Ball, location: 2F 2-2: Fly out, F4 (Popup, 4M, EV 51.9 MPH)
|
Bottom of the 5th over - 0 runs, 1 hit, 1 error, 1 left on base; Coastal Carolina University 4 - Mississippi State University 5 |
TOP OF THE 6TH |
Coastal Carolina University Chanticleers batting - Pitching for Mississippi State University Bulldogs : RHP Tony Renteria
|
Now at C: Chris Everett
|
|
Batting: LHB Jeremy Stockwell
|
0-0: Ball 1-0: Foul Ball, location: 2F 1-1: Foul Ball, location: 2F 1-2: Ground out 4-3 (Groundball, 4, EV 85.0 MPH)
|
Batting: RHB Isaac Washington
|
0-0: Foul Ball, location: 2F 0-1: Foul Ball, location: 2F 0-2: Foul Ball, location: 2F 0-2: Ball 1-2: Ball 2-2: SINGLE (Groundball, 34D, EV 101.2 MPH)
|
Pinch Hitting: LHB Justin Kaller
|
0-0: Ball 1-0: Foul Ball, location: 2F 1-1: Fielders Choice at 2nd, 1-6 (Groundball, 13S, EV 70.0 MPH)
|
Batting: LHB Nate Kokx
|
0-0: Ball 1-0: Ground out 4-3 (Groundball, 4, EV 98.8 MPH)
|
Top of the 6th over - 0 runs, 1 hit, 0 errors, 1 left on base; Coastal Carolina University 4 - Mississippi State University 5 |
BOTTOM OF THE 6TH |
Mississippi State University Bulldogs batting - Pitching for Coastal Carolina University Chanticleers : RHP Steve Hewlett
|
Now at C: Gabe Bravo
|
|
Now at 3B: Tim Kirby
|
|
Now in RF: Chris McDaniel
|
|
Pinch Hitting: RHB Cody Ammann
|
0-0: SINGLE (Groundball, 56D, EV 102.5 MPH)
|
Pinch Hitting: RHB Jesse Hodges
|
0-0: Called Strike Cody Ammann steals 2nd, throwing error, E2 Cody Ammann to third 0-1: SINGLE (Groundball, 6M, EV 94.4 MPH) Cody Ammann scores
|
Pinch Hitting: RHB Freddie Kite
|
0-0: Grounds into double play, 5-4-3 (Groundball, 5, EV 83.8 MPH)
|
Batting: RHB Bill Petipas
|
0-0: Called Strike 0-1: Ball 1-1: Ground out 4-3 (Groundball, 4, EV 93.1 MPH)
|
Bottom of the 6th over - 1 run, 2 hits, 1 error, 0 left on base; Coastal Carolina University 4 - Mississippi State University 6 |
TOP OF THE 7TH |
Coastal Carolina University Chanticleers batting - Pitching for Mississippi State University Bulldogs : RHP Tony Renteria
|
Pitching: RHP Chris Pearson
|
|
Now at SS: Freddie Kite
|
|
Now in CF: Tom Ploughman
|
|
Now in RF: Cody Ammann
|
|
Batting: RHB Justin Klein
|
0-0: SINGLE (Line Drive, 8RS, EV 101.2 MPH)
|
Batting: RHB Alex Montiel
|
0-0: Ball Justin Klein steals 2nd base 1-0: Ball 2-0: Ball 3-0: Base on Balls
|
Batting: RHB Chris McDaniel
|
0-0: Fielders Choice at 2nd, 3-6 (Groundball, 3S, EV 86.9 MPH) Justin Klein to third
|
Batting: RHB Rene Napoles
|
0-0: Ball 1-0: Ball 2-0: Ball 3-0: Base on Balls Chris McDaniel to second
|
Batting: LHB Justin Sanders
|
0-0: Grounds into fielders choice 3-2 (Groundball, 34, EV 78.1 MPH) Chris McDaniel to third Rene Napoles to second
|
Batting: LHB Tim Kirby
|
0-0: Ball 1-0: Swinging Strike 1-1: Ball 2-1: Ground out 4-3 (Groundball, 4, EV 98.1 MPH)
|
Top of the 7th over - 0 runs, 1 hit, 0 errors, 3 left on base; Coastal Carolina University 4 - Mississippi State University 6 |
BOTTOM OF THE 7TH |
Mississippi State University Bulldogs batting - Pitching for Coastal Carolina University Chanticleers : RHP Steve Hewlett
|
Pitching: RHP Clint Major
|
|
Pinch Hitting: RHB Josh Stene
|
0-0: Reached on error, E5 (Groundball, 56S, EV 80.0 MPH)
|
Batting: RHB Chris Everett
|
0-0: Ball 1-0: Hit by Pitch Josh Stene to second
|
Batting: LHB Vinnie Kalman
|
0-0: Ball 1-0: Ball 2-0: Ball 3-0: Called Strike 3-1: Base on Balls Josh Stene to third Chris Everett to second
|
Batting: RHB Alexis Gallegos
|
0-0: Swinging Strike 0-1: Foul Ball, location: 2F 0-2: Ball 1-2: Strikes out swinging
|
Batting: RHB Eric Riley
|
0-0: Ball 1-0: DOUBLE (Line Drive, 89D, EV 111.2 MPH) Josh Stene scores Chris Everett scores Vinnie Kalman to third
|
Batting: RHB Cody Ammann
|
0-0: Called Strike 0-1: Swinging Strike 0-2: Ball 1-2: Ball 2-2: Ball 3-2: Strikes out looking
|
Batting: LHB Tom Ploughman
|
0-0: Ball 1-0: Foul Ball, location: 2F 1-1: Ball 2-1: Swinging Strike 2-2: Fly out, F8 (Flyball, 89M, EV 89.4 MPH)
|
Bottom of the 7th over - 2 runs, 1 hit, 1 error, 2 left on base; Coastal Carolina University 4 - Mississippi State University 8 |
TOP OF THE 8TH |
Coastal Carolina University Chanticleers batting - Pitching for Mississippi State University Bulldogs : RHP Chris Pearson
|
Pitching: RHP Julio Espana
|
|
Now at 3B: Josh Stene
|
|
Batting: RHB Isaac Washington
|
0-0: Called Strike 0-1: Ground out 4-3 (Groundball, 4S, EV 83.8 MPH)
|
Batting: RHB Gabe Bravo
|
0-0: Foul Ball, location: 2F 0-1: Swinging Strike 0-2: Ball 1-2: Strikes out swinging
|
Batting: LHB Nate Kokx
|
0-0: Foul Ball, location: 2F 0-1: Foul Ball, location: 2F 0-2: Strikes out swinging passed ball, reaches first!
|
Pinch Hitting: RHB I-po Lin
|
0-0: Ball 1-0: Foul Ball, location: 2F 1-1: Called Strike 1-2: Foul Ball, location: 2F 1-2: Ball 2-2: Strikes out swinging
|
Top of the 8th over - 0 runs, 0 hits, 0 errors, 1 left on base; Coastal Carolina University 4 - Mississippi State University 8 |
BOTTOM OF THE 8TH |
Mississippi State University Bulldogs batting - Pitching for Coastal Carolina University Chanticleers : RHP Clint Major
|
Pitching: RHP Eddie Larnach
|
|
Now at 1B: I-po Lin
|
|
Batting: RHB Freddie Kite
|
0-0: Called Strike 0-1: Ball 1-1: Ball 2-1: Foul Ball, location: 2F 2-2: SINGLE (Groundball, 6MD, EV 103.1 MPH)
|
Batting: RHB Bill Petipas
|
0-0: Called Strike Freddie Kite is caught stealing 2nd base 2-4 0-1: Foul Ball, location: 2F 0-2: Foul Ball, location: 2F 0-2: Ball 1-2: Strikes out swinging
|
Batting: RHB Josh Stene
|
0-0: Ball 1-0: Swinging Strike 1-1: Ball 2-1: Foul Ball, location: 2F 2-2: Strikes out swinging
|
Bottom of the 8th over - 0 runs, 1 hit, 0 errors, 0 left on base; Coastal Carolina University 4 - Mississippi State University 8 |
TOP OF THE 9TH |
Coastal Carolina University Chanticleers batting - Pitching for Mississippi State University Bulldogs : RHP Julio Espana
|
Pitching: RHP Bob Majka
|
|
Pinch Hitting: LHB Milo Karadzic
|
0-0: Ball 1-0: Foul Ball, location: 2F 1-1: SINGLE (Flyball, 8RS, EV 96.9 MPH)
|
Batting: RHB Chris McDaniel
|
0-0: Fly out, F8 (Flyball, 8RM, EV 83.1 MPH)
|
Batting: RHB Rene Napoles
|
0-0: Called Strike 0-1: Called Strike 0-2: Ball 1-2: Strikes out swinging
|
Batting: LHB Justin Sanders
|
0-0: Ground out 4-3 (Groundball, 34S, EV 86.9 MPH)
|
Top of the 9th over - 0 runs, 1 hit, 0 errors, 1 left on base; Coastal Carolina University 4 - Mississippi State University 8 |
|